 Dungeon Crawl Stone Soup version 0.31.0-11-ge490571c62 (webtiles) character file.

Game seed: 3278389364586037966

130 hawla the Chopper (level 4, -5/39 HPs)
             Began as a Minotaur Fighter on Feb 2, 2024.
             Killed by divine providence
             ... invoked by an orc priest
              (9 damage)
             ... on level 3 of the Dungeon.
             The game lasted 00:03:13 (1456 turns).

hawla the Chopper (Minotaur Fighter)                Turns: 1456, Time: 00:03:14

Health: -5/39      AC:  9    Str: 22    XL:     4   Next: 90%
Magic:  3/3        EV:  9    Int:  5    God:
Gold:   134        SH:  4    Dex: 10    Spells: 3/3 levels left

rFire   . . .        a - +0 war axe
rCold   . . .        c - +0 buckler
rNeg    . . .        b - +0 scale mail
rPois   +            (helmet restricted)
rElec   .            j - +0 cloak
rCorr   .            (no gloves)
SInv    .            u - +0 pair of boots
Will    +....        (no amulet) Stlth
                     e - ring of poison resistance
HPRegen 0.26/turn    (no ring)
MPRegen 0.08/turn

%: no passive effects
@: enlightened, flying
A: horns 2, retaliatory headbutt
a: no special abilities


You were on level 3 of the Dungeon.
You visited 1 branch of the dungeon, and saw 3 of its levels.

You collected 134 gold pieces.

Inventory:

Hand Weapons
 a - a +0 war axe (weapon)
Missiles
 f - 3 boomerangs (quivered)
Armour
 b - a +0 scale mail (worn)
 c - a +0 buckler (worn)
 j - a +0 cloak (worn)
 u - a +0 pair of boots (worn)
Jewellery
 e - a ring of poison resistance (left hand)
 l - an amulet of magic regeneration
Scrolls
 g - 2 scrolls of identify {unknown}
 h - a scroll of poison {unknown}
 i - a scroll of vulnerability {unknown}
 m - a scroll of amnesia {unknown}
 p - a scroll of enchant armour {unknown}
 r - a scroll of fog {unknown}
 s - a scroll of immolation {unknown}
Potions
 d - 2 potions of might
 k - a potion of ambrosia {unknown}
 n - a potion of invisibility {unknown}
 o - a potion of mutation {unknown}
 q - 3 potions of curing


   Skills:
 - Level 3.6 Fighting
 + Level 6.2 Axes
 - Level 3.6 Armour
 - Level 3.6 Shields


You had 3 spell levels left.
You didn't know any spells.
Your spell library was empty.

Dungeon Overview and Level Annotations

Branches:
Dungeon (3/15)

Altars:
Sif Muna


Innate Abilities, Weirdness & Mutations

You have a pair of horns on your head.
You reflexively headbutt those who attack you in melee.


Message History

You hit the orc priest.
The orc priest is moderately wounded.
The orc closely misses you.
The orc priest hits you but does no damage.
You slash the orc priest!
You kill the orc priest!
You hit the orc but do no damage. The orc barely misses you.
Your Axes skill increases to level 6!
You hit the orc. Your headbutt misses the orc.
The orc is heavily wounded.
A ball python comes into view.
You block the orc priest's attack.
You hit the orc.
The orc is severely wounded.
The orc priest hits you from afar with a +0 trident.
The orc hits you but does no damage.
You slash the orc!
You kill the orc!
You closely miss the orc. The orc hits you but does no damage.
The orc priest hits you but does no damage.
You closely miss the orc. The orc hits you with a +4 falchion.
The orc priest hits you from afar with a +0 trident.
The orc hits you but does no damage. The orc priest barely misses you.
You are too injured to fight recklessly!
Unknown command.
You closely miss the orc. Your headbutt misses the orc.
The orc hits you with a +4 falchion!
* * * LOW HITPOINT WARNING * * *
You block the orc priest's attack.
It was a potion of curing.
You feel better. The orc hits you but does no damage.
The orc priest mumbles some strange prayers to Beogh against you.
Beogh smites you!
* * * LOW HITPOINT WARNING * * *
It was a potion of enlightenment.
You feel very buoyant.
You fly up into the air.
The orc priest mumbles some strange prayers to Beogh against you.
Beogh smites you!
You die...

#...........#.# #.....
#.........###†# #.....
######...## #.# #.....
#.######.# #..... #.#
#.#.# +....S
####.####.#.## #....o
###....##.......
#....o##...#####.###.#.
#)@>.............#.
############.##..#.
#.##..#. #.##..#.
#....... ####.### #.#
###


You could see an orc priest, an orc and a ball python.

Vanquished Creatures
  An orc priest (D:3)
  5 adders (D:2)
  A gnoll (D:1)
  An orc (D:3)
  3 ball pythons
  5 endoplasms
  A giant cockroach (D:1)
  4 goblins
  5 hobgoblins
  3 jackals (D:2)
  3 quokkas
  6 bats
  3 frilled lizards (D:1)
  5 kobolds
46 creatures vanquished.

Notes
Turn   | Place    | Note
-------+----------+-------------------------------------------
     0 | D:1      | hawla the Minotaur Fighter began the quest for the Orb.
     0 | D:1      | Reached XP level 1. HP: 19/19 MP: 0/0
    66 | D:1      | Reached skill level 3 in Axes
   133 | D:1      | Reached XP level 2. HP: 26/26 MP: 1/1
   153 | D:1      | Reached skill level 4 in Axes
   443 | D:2      | Reached XP level 3. HP: 31/31 MP: 2/2
   466 | D:2      | Reached skill level 5 in Axes
   548 | D:2      | Reached XP level 4. HP: 39/39 MP: 3/3
   794 | D:2      | Found a shimmering blue altar of Sif Muna.
  1450 | D:3      | Reached skill level 6 in Axes
  1456 | D:3      | Killed from afar by an orc priest

Illustrated notes

Levels and vault maps discovered:
D:1:      spicycebolla_green_bress_n_ham, layout_rooms,
          chequers_serial_rivers_room_a
D:2:      layout_basic, basic_altar
D:3:      layout_basic, minmay_strange_pillars

Skill      XL: |  1  2  3  4 |
---------------+-------------+-----
Axes           | 3 4 5 6 |  6.2
Fighting       | |  3.6
Armour         | |  3.6
Shields        | |  3.6

Action                     |  1- 3 |  4- 6 || total
---------------------------+-------+-------++-------
  Melee: War axe           |    50 |    47 ||    97
         Headbutt          |     5 |     7 ||    12
    Use: Potion            |       |     2 ||     2
 Armour: Scale mail        |    33 |    34 ||    67
  Dodge: Dodged            |    23 |    17 ||    40
  Block: Buckler           |    15 |     9 ||    24
